Match 42358406
Unlisted

Match 42358406
End
Panzergrenadier Squad
Selects Panzerjäger Kommand Battlegroup
Selects Mine Fields
250 Light Carrier
Panzergrenadier Squad
Construct Light Support Kompanie
Combat Half-tracks
Panzerjäger Squad
Selects Tank Busters
Fire Support Elements
Panzerjäger Squad
Pak 38 Mechanized Group
Flakvierling Half-track
Construct Mechanized Kompanie
Veteran Squad Leaders
Construct Mechanized Kompanie
StuG III D Assault Gun
Selects Crew Shock Tactics
Selects Defensive Positions
Vehicle Survival Package
Construct Panzerarmee Kommand
2.5-tonne Medical Truck
Selects Butterfly Bomb Drop
Flak 36 Anti-tank Gun Team
Walking Stuka Rocket Launcher
Armored Reserves
Butterfly Bomb Drop
Emergency Repair Kits
Advanced Field Repairs
Panzerpioneer Squad
Butterfly Bomb Drop
2.5-tonne Medical Truck
Selects Anti-tank Overwatch
18-tonne Recovery Half-track
Anti-tank Overwatch
Crew Shock Tactics
Anti-tank Overwatch
Anti-tank Overwatch
Tiger Heavy Tank
Anti-tank Overwatch
pain peko
oberlet
Vida
维维豆奶
[HAN]Diederick Kastner
♤☠ ҉ 新♌颖 ҉ ☠✠
Onisox
Antoine Trinh
0
0

Comments sign in to comment!

No comments posted yet!